 Dungeon Crawl Stone Soup version 0.30-b1-2-g02819fbbbe (webtiles) character file.

Game seed: 10446720820509152046

1701018 baljet the Conqueror (level 25, 199/272 (282) HPs)
             Began as a Minotaur Fighter on May 15, 2023.
             Was a Priest of Okawaru.
             Escaped with the Orb
             ... and 3 runes on May 22, 2023!
             The game lasted 03:37:59 (64936 turns).

baljet the Conqueror (Minotaur Fighter)            Turns: 64936, Time: 03:38:00

HP:   199/272 (282) AC: 45    Str: 32    XL:     25   Next: 75%
MP:   29/29         EV: 12    Int: 11    God:    Okawaru [***...]
Gold: 6391          SH: 22    Dex: 11    Spells: 24/24 levels left

rFire   + + .        P - +9 broad axe (flame)
rCold   + . .        c - +0 kite shield {AC+3}
rNeg    . . .        a - +5 gold dragon scales
rPois   +            e - +0 hat of the Pleiades {rPois Regen+ Int+6 SInv}
rElec   +            I - +2 cloak {rCorr}
rCorr   +            W - +1 pair of gloves
SInv    +            F - +2 pair of boots {Fly}
Will    +++..        p - amulet of Nidetumi {Reflect rElec Int+2 SH+5} Stlth
                     y - ring of willpower
HPRegen 1.45/turn    k - ring of protection from fire
MPRegen 0.21/turn

%: reflection, clarity
@: flying, hasted, studying 3 skills, lightly drained, very quick
A: horns 2, retaliatory headbutt, clarity, dopey 1, strong-willed 1, robust 1,
inability to drink after injury 2
0: Orb of Zot
}: 3/15 runes: serpentine, barnacled, silver
a: Renounce Religion, Heroism


You escaped.
You worshipped Okawaru.
Okawaru was most pleased with you.
You visited 10 branches of the dungeon, and saw 48 of its levels.
You also visited: Sewer, Bailey and Ice Cave.

You collected 10336 gold pieces.
You spent 3945 gold pieces at shops.

Inventory:

Hand Weapons
 u - a +7 heavy broad axe
 P - a +9 broad axe of flaming (weapon)
Missiles
 h - 4 throwing nets
 i - 69 boomerangs
 r - 18 datura-tipped darts
 A - 21 silver javelins
 G - 17 silver boomerangs
 K - 53 poisoned darts
 L - 31 atropa-tipped darts
 O - 46 curare-tipped darts
 S - 33 javelins (quivered)
Armour
 a - +5 gold dragon scales (worn)
 c - a +0 kite shield of protection (worn)
 e - the +0 hat of the Pleiades (worn) {rPois Regen+ Int+6 SInv}
   (Okawaru gifted it to you in an ice cave)

   Int:       It affects your intelligence (+6).
   rPois:     It protects you from poison.
   SInv:      It lets you see invisible.
   Regen:     It increases your rate of health regeneration.
 F - a +2 pair of boots of flying (worn)
 I - a +2 cloak of preservation (worn)
 W - a +1 pair of gloves (worn)
Jewellery
 j - the ring of Pibew {Fire Contam rCorr Str+2 Slay+2}
   (You found it on level 12 of the Dungeon)

   [ring of fire]

   It enhances your fire magic.
   Str:       It affects your strength (+2).
   Slay:      It affects your accuracy & damage with ranged weapons and melee
   (+2).
   rF:        It protects you from fire.
   rC:        It makes you vulnerable to cold.
   Contam:    It causes magical contamination when unequipped.
   rCorr:     It protects you from acid and corrosion.
 k - a ring of protection from fire (right hand)
 m - a ring of resist corrosion
 p - the amulet of Nidetumi (around neck) {Reflect rElec Int+2 SH+5}
   (You acquired it on level 2 of the Dungeon)

   [amulet of reflection]

   It reflects blocked missile attacks.
   Int:       It affects your intelligence (+2).
   rElec:     It insulates you from electricity.
   SH:        It affects your SH (+5).
 w - a ring of protection from cold
 y - a ring of willpower (left hand)
 B - a +6 ring of intelligence
 J - a +6 ring of strength
 X - a +4 ring of slaying
Wands
 l - a wand of digging (32)
 n - a wand of flame (60)
 o - a wand of iceblast (42)
 t - a wand of mindburst (58)
 x - a wand of polymorph (27)
 D - a wand of paralysis (79)
 H - a wand of quicksilver (23)
Scrolls
 v - 11 scrolls of fear
 z - 6 scrolls of silence
 T - 20 scrolls of teleportation
 U - 7 scrolls of fog
 V - 3 scrolls of magic mapping
 Y - 39 scrolls of identify
 Z - 10 scrolls of blinking
Potions
 d - 14 potions of might
 f - 31 potions of curing
 g - a potion of cancellation
 q - 4 potions of haste
 s - 12 potions of heal wounds
 C - 5 potions of invisibility
 E - 8 potions of mutation
 M - 10 potions of flight
 Q - 3 potions of resistance
Miscellaneous
 N - a lightning rod (3/4)


   Skills:
 O Level 27 Fighting
 O Level 27 Axes
 - Level 10.0 Throwing
 + Level 25.1 Armour
 * Level 11.3 Dodging
 O Level 27 Shields
 - Level 10.0 Invocations
 - Level 8.0 Evocations


You had 24 spell levels left.
You didn't know any spells.
Your spell library contained the following spells:

 Spells                   Type           Power      Damage    Failure   Level
 Apportation              Tloc           0%         N/A       89%         1
 Beastly Appendage        Tmut           0%         N/A       89%         1
 Freeze                   Ice            0%         1d3       89%         1
 Kiss of Death            Conj/Necr      0%         2d5       89%         1
 Magic Dart               Conj           0%         1d3       89%         1
 Necrotise                Necr           0%         1d4       89%         1
 Shock                    Conj/Air       0%         1d3       89%         1
 Sting                    Tmut/Pois      0%         1d3       89%         1
 Blink                    Tloc           0%         N/A       96%         2
 Cigotuvi's Dreadful Rot  Necr/Pois/Air  0%         N/A       96%         2
 Ensorcelled Hibernation  Hex/Ice        0%         N/A       96%         2
 Lesser Beckoning         Tloc           0%         N/A       96%         2
 Momentum Strike          Conj/Tloc      0%         3d8       96%         2
 Poisonous Vapours        Pois/Air       0%         N/A       96%         2
 Sublimation of Blood     Necr           0%         N/A       96%         2
 Wereblood                Tmut           0%         N/A       96%         2
 Confusing Touch          Hex            0%         N/A       99%         3
 Dazzling Flash           Conj/Hex       0%         N/A       99%         3
 Frozen Ramparts          Ice            0%         1d1       99%         3
 Gell's Gravitas          Tloc           0%         N/A       99%         3
 Hailstorm                Conj/Ice       0%         3d3       99%         3
 Ignite Poison            Fire/Tmut/Pois 0%         N/A       99%         3
 Inner Flame              Hex/Fire       0%         N/A       99%         3
 Mephitic Cloud           Conj/Pois/Air  0%         N/A       99%         3
 Portal Projectile        Hex/Tloc       0%         N/A       99%         3
 Spider Form              Tmut/Pois      0%         N/A       99%         3
 Stone Arrow              Conj/Erth      0%         3d7       99%         3
 Swiftness                Air            0%         N/A       99%         3
 Teleport Other           Tloc           0%         N/A       99%         3
 Volatile Blastmotes      Fire/Tloc      0%         2d10      99%         3
 Airstrike                Air            0%         2d(0-16)  100%        4
 Anguish                  Hex/Necr       0%         N/A       100%        4
 Cause Fear               Hex            0%         N/A       100%        4
 Dispel Undead            Necr           0%         3d6       100%        4
 Ice Form                 Ice/Tmut       0%         N/A       100%        4
 Iskenderun's Mystic Bla  Conj/Tloc      0%         2d3       100%        4
 Leda's Liquefaction      Hex/Erth       0%         N/A       100%        4
 Manifold Assault         Tloc           0%         N/A       100%        4
 Olgreb's Toxic Radiance  Pois           0%         N/A       100%        4
 Passage of Golubria      Tloc           0%         N/A       100%        4
 Petrify                  Tmut/Erth      0%         N/A       100%        4
 Sticky Flame             Conj/Fire      0%         2d3       100%        4
 Agony                    Necr           0%         N/A       100%        5
 Blade Hands              Tmut           0%         N/A       100%        5
 Borgnjor's Vile Clutch   Necr/Erth      0%         N/A       100%        5
 Freezing Cloud           Conj/Ice/Air   0%         6-21      100%        5
 Lee's Rapid Deconstruct  Erth           0%         3d4*      100%        5
 Metabolic Englaciation   Hex/Ice        0%         N/A       100%        5
 Silence                  Hex/Air        0%         N/A       100%        5
 Yara's Violent Unravell  Hex/Tmut       0%         3d3       100%        5
 Dispersal                Tloc           0%         N/A       100%        6
 Starburst                Conj/Fire      0%         6d3       100%        6
 Statue Form              Tmut/Erth      0%         N/A       100%        6
 Dragon Form              Tmut           0%         N/A       100%        7
 Enfeeble                 Hex            0%         N/A       100%        7
 Storm Form               Tmut/Air       0%         N/A       100%        7
 Discord                  Hex            0%         N/A       100%        8
 Ignition                 Fire           0%         3d3       100%        8
 Lehudib's Crystal Spear  Conj/Erth      0%         10d2      100%        8
 Necromutation            Tmut/Necr      0%         N/A       100%        8
 Chain Lightning          Conj/Air       0%         N/A       100%        9
 Fire Storm               Conj/Fire      0%         5d1       100%        9
 Shatter                  Erth           0%         3d5*      100%        9
 Summon Small Mammal      Summ           Unusable   N/A       N/A         1
 Call Imp                 Summ           Unusable   N/A       N/A         2
 Call Canine Familiar     Summ           Unusable   N/A       N/A         3
 Summon Guardian Golem    Hex/Summ       Unusable   N/A       N/A         3
 Tukima's Dance           Hex            Unusable   N/A       N/A         3
 Animate Armour           Summ/Erth      Unusable   N/A       N/A         4
 Summon Lightning Spire   Summ/Air       Unusable   N/A       N/A         4
 Death Channel            Necr           Unusable   N/A       N/A         6
 Simulacrum               Ice/Necr       Unusable   N/A       N/A         6
 Malign Gateway           Summ/Tloc      Unusable   N/A       N/A         7
 Summon Hydra             Summ           Unusable   N/A       N/A         7
 Dragon's Call            Summ           Unusable   N/A       N/A         9

Dungeon Overview and Level Annotations

Branches:
Dungeon (15/15)            Temple (1/1) D:6            Lair (5/5) D:11
 Shoals (4/4) Lair:3        Snake (4/4) Lair:2        Slime (0/5) Lair:5
    Orc (2/2) D:11            Elf (3/3) Orc:2        Vaults (5/5) D:14
  Crypt (0/3) Vaults:3     Depths (4/4) D:15            Zot (5/5) Depths:4
  Sewer (visited)          Bailey (visited)           IceCv (visited)

Altars:
Ashenzari
Elyvilon
Fedhas
Gozag
Nemelex Xobeh
Okawaru
Qazlal
Trog
Yredelemnul
Zin
The Shining One
Jiyva
Lugonu

Shops:
D:2 ?   D:3 :   D:5 (*::(   D:7 [   Orc:2 !:[*(   Elf:2 ?!   Shoals:3 =
Snake:3 (   Vaults:1 (   Vaults:3 (   Vaults:4 !   Vaults:5 =

Portals:
Hell: Depths:1 Depths:2 Depths:3 Depths:4
Abyss: Depths:3
Pandemonium: Depths:2 Depths:4
Ziggurat: Depths:3

Annotations:
D:15 2 transporters, SafestHooves's ghost, journeyman CeMo


Innate Abilities, Weirdness & Mutations

You have a pair of horns on your head.
You reflexively headbutt those who attack you in melee.
You possess an exceptional clarity of mind.
You are dopey. (Int -2)
You are strong-willed. (Will+)
You are robust. (+10% HP)
You sometimes lose the ability to drink potions when taking damage.


Message History

Lybaom is lightly wounded.
You block Lybaom's attack.
You barely miss Lybaom.
Lybaom is lightly wounded.
You block Lybaom's attack.
You closely miss Lybaom. Your headbutt misses Lybaom.
Lybaom is lightly wounded.
Lybaom gestures.
You hit Lybaom.
Lybaom is lightly wounded.
You block Lybaom's attack.
You barely miss Lybaom. Your headbutt misses Lybaom.
Lybaom is lightly wounded.
Lybaom blinks!
The blizzard demon gestures at you. The bolt of lightning hits you. You resist.
The bolt of lightning hits you. You resist. The blizzard demon gestures at you.
The bolt of cold hits you! You resist. Lybaom attacks as you move away!
Lybaom hits you but does no damage. You block Lybaom's attack.
Lybaom blinks!
There is a stone staircase leading up here.
You block the blizzard demon's attack. x2
You fly upwards.
You feel like a meek peon again.
There is a stone staircase leading down here.
(D) Dungeon (T) Temple (L) Lair (A) Shoals (P) Snake Pit (M) Slime Pits (O) Orcish Mines (E) Elven Halls (V) Vaults (C) Crypt (U) Depths (H) Hell (Z) Zot
Where to? (Enter - D:1, ? - help)
What level of the Dungeon? (default 1, ? - help) You're already here!
You can drink potions again.
You feel much better.
You feel yourself speed up.
There is an open door here.
There is a staircase leading out of the dungeon here.
You have escaped!

###+#..#.#.................#.#
.##.#..#.##...#............#.#
.##.#..#.##......#####.....#.#
.##.#.##.##.#........+.....#.#
.##.#....##.##...##..#.....#.#
.##.#######.#........####+##.#
.##'###...#...⌠...⌠..........#
..........+.#..###...........#
..........###..#@'...........#
..........# #..###.....##....####
..........# #.⌠...⌠.#............
#.........# #.......#..........[.
#.........# #####.###.....>......
#......#########..# #............
.................####............
...............##................
...............##................


There were no monsters in sight!

Vanquished Creatures
  2 orbs of fire (Zot:5)
  A dread lich (Vaults:5)
  4 ancient liches
  Mara (Vaults:5)
  The ghost of Riroapad the Merfolkian Porcupine, a legendary MfGl of Ru (Zot:3)
  Bai Suzhen (Vaults:4)
  2 Killer Klowns (Zot:5)
  The ghost of Emnejil the Slayer, a master VSBe of Trog (Zot:3)
  3 curse toes
  11 golden dragons
  A pandemonium lord (Zot:1)
  11 tentacled monstrosities
  4 hellephants (Depths:1)
  An electric golem (Zot:5)
  23 Orb Guardians
  An Ice Fiend (IceCv)
  3 liches
  10 titans
  A walking divine tome (Depths:2)
  9 quicksilver dragons
  3 deep elf master archers (Elf:3)
  7 sphinxes
  3 deep elf blademasters (Elf:3)
  10 death cobs
  Gastronok (D:12)
  2 krakens
  2 Executioners
  Agnes (D:14)
  Polyphemus (Shoals:2)
  21 storm dragons
  Frances (D:13)
  Donald (Orc:2)
  6 tengu reavers
  6 draconian monks
  8 deep elf sorcerers
  8 draconian knights
  8 shadow dragons
  3 nagarajas (Snake:4)
  A ghost moth (Zot:1)
  12 fire giants
  13 frost giants
  4 draconian scorchers
  3 iron dragons
  Aizul (Snake:2)
  18 vault wardens
  7 draconian shifters
  4 deep elf elementalists (Elf:3)
  5 draconian annihilators
  5 orc warlords
  19 ironbound preservers
  2 spriggan defenders (Depths:2)
  3 balrugs
  5 draconian stormcallers
  24 very ugly things
  3 war gargoyles
  13 ironbound thunderhulks
  26 stone giants
  A reaper (Zot:5)
  10 black draconians
  3 deep elf demonologists
  10 green draconians
  13 red draconians
  3 white draconians
  15 yellow draconians
  15 purple draconians
  5 deep elf annihilators (Elf:3)
  6 dire elephants
  5 spark wasps
  5 deep elf death magi
  11 ettins
  11 merfolk javelineers (Shoals:4)
  A jiangshi (Vaults:3)
  2 crystal guardians
  10 merfolk impalers
  4 entropy weavers
  10 fire dragons
  An ettin (shapeshifter) (Zot:1)
  9 great orbs of eyes
  9 deep elf high priests
  9 ice dragons
  12 yaktaur captains
  A great orb of eyes (shapeshifter) (Vaults:5)
  28 vault guards
  4 salamander tyrants (Snake:4)
  An ice dragon (shapeshifter) (Depths:4)
  3 rakshasas
  A catoblepas (Shoals:2)
  8 hydras
  2 peacekeepers
  3 merfolk avatars
  5 boulder beetles
  5 caustic shrike simulacra (IceCv)
  3 spriggan air magi (Depths:2)
  5 ironbound frosthearts
  12 anacondas
  26 dancing weapons
  2 ogre magi
  A jorogumo (shapeshifter) (Vaults:5)
  6 merfolk aquamancers
  4 two-headed ogres
  13 centaur warriors
  8 tengu warriors
  An alligator snapping turtle (Shoals:4)
  4 deep troll shamans
  2 death yaks (Shoals:2)
  A vampire mage (Vaults:3)
  2 orc high priests (Orc:2)
  9 deep troll earth magi
  8 naga warriors
  3 spriggan berserkers
  6 naga sharpshooters
  Nergalle (D:10)
  6 shock serpents
  12 deep elf knights
  9 hell knights (Depths:1)
  A storm dragon zombie (Vaults:2)
  5 sun demons
  The ghost of dakkaduck the Cleaver, a novice MiBe of Trog (D:8)
  2 salamander mystics
  6 iron trolls
  3 skysharks
  12 sea snakes
  3 glowing orange brains
  A skeletal warrior (D:14)
  4 flayed ghosts
  2 orange crystal statues
  A kraken simulacrum (Shoals:1)
  61 deep trolls
  10 naga ritualists
  Lodul (D:14)
  10 wizards
  6 deep elf archers
  2 bog bodies (IceCv)
  A glowing orange brain (shapeshifter) (Depths:3)
  A spriggan simulacrum (IceCv)
  2 obsidian statues (IceCv)
  10 orc knights
  3 phantasmal warriors
  6 fauns (Shoals:3)
  26 deep elf pyromancers
  22 deep elf zephyrmancers
  A mana viper (shapeshifter) (Depths:3)
  22 harpies
  7 lindwurms
  4 necromancers
  17 ironbound convokers
  8 mana vipers
  A harpy (shapeshifter) (Vaults:5)
  A frost giant zombie (Vaults:2)
  6 salamanders
  3 orc sorcerers
  A centaur zombie (D:15)
  10 cyclopes
  43 ugly things
  12 manticores
  Maurice (D:10)
  22 moths of wrath
  4 guardian serpents
  2 molten gargoyles (D:14)
  13 vault sentinels
  37 black mambas
  9 water nymphs
  6 merfolk sirens
  21 naga magi
  10 cane toads
  14 elephants (Lair:5)
  A stone giant skeleton (Vaults:2)
  3 centaur skeletons (D:15)
  A torpor snail (Lair:4)
  7 komodo dragons
  3 gargoyles
  3 rime drakes
  2 kobold demonologists
  2 hellions (Depths:1)
  13 yaktaurs
  An unseen horror (D:10)
  An anaconda simulacrum (IceCv)
  An efreet (D:14)
  A human skeleton (Vaults:2)
  8 freezing wraiths
  28 merfolk
  A tormentor (Zot:1)
  8 trolls
  A golden dragon simulacrum (IceCv)
  4 tengu conjurers
  15 polar bears
  8 wind drakes
  3 meliai (D:14)
  3 large abominations (D:5)
  15 hornets
  23 blink frogs
  2 tarantellas (shapeshifter)
  8 dream sheep
  39 slime creatures
  7 snapping turtles
  17 spriggans
  2 culicivoras
  32 water elementals
  11 air elementals
  38 yaks
  A wraith (D:10)
  6 fire elementals
  5 wyverns
  A ynoxinul (D:6)
  2 steam dragons (D:7)
  A basilisk (shapeshifter) (D:14)
  A human (shapeshifter) (Vaults:5)
  4 alligator snapping turtle simulacra (Shoals:1)
  A minotaur simulacrum (IceCv)
  6 redbacks
  5 basilisks
  2 sea snake simulacra (Shoals:1)
  2 death yak simulacra (Shoals:1)
  A vampire mosquito (D:14)
  Grum (D:9)
  56 nagas
  4 wargs
  2 harpy simulacra (Shoals:1)
  A human zombie (Vaults:2)
  4 acid dragons
  A hydra simulacrum (IceCv)
  19 water moccasins
  A floating eye (shapeshifter) (Vaults:4)
  2 floating eyes (Depths:3)
  14 black bears
  38 orc warriors
  An ice beast (Vaults:1)
  3 sky beasts
  A satyr simulacrum (Shoals:1)
  3 ettin simulacra (IceCv)
  16 ogres
  33 wolves
  18 centaurs
  12 boggarts
  A bullfrog (shapeshifter) (Vaults:5)
  9 kobold brigands
  7 bullfrogs
  A deep troll simulacrum (IceCv)
  A scorpion (D:4)
  A gnoll sergeant (D:7)
  2 earth elementals
  15 wights
  3 faun simulacra (Shoals:1)
  4 snapping turtle simulacra (Shoals:1)
  9 killer bees
  3 howler monkeys
  5 lava snakes (D:14)
  4 quasits (D:8)
  26 orc priests
  4 gnoll boudas
  2 hounds (D:5)
  A boggart zombie (D:15)
  2 iguanas
  3 sleepcaps
  Terence (D:2)
  A cyclops simulacrum (Shoals:1)
  21 orc wizards
  3 centaur simulacra (Shoals:1)
  30 gnolls
  3 adders
  A shadow imp (D:7)
  A white imp (D:8)
  2 ufetubi
  3 worms
  2 dart slugs
  73 orcs
  8 ball pythons
  13 bats
  5 endoplasms
  3 giant cockroaches
  7 goblins
  4 hobgoblins
  21 kobolds
  5 quokkas
  3 training dummies (Snake:3)
  2 frilled lizards (D:1)
  A rat (D:1)
  6 spectral weapons
  6 tentacles
2121 creatures vanquished.

Vanquished Creatures (others)
  A fire giant (Depths:4)
  A lorocyproca (D:6)
  A deep elf knight (Elf:2)
  A chaos spawn (D:6)
  A boggart (Vaults:3)
  50 fungi
  114 plants
  7 tentacles
  6 withered plants (Zot:3)
182 creatures vanquished.

Grand Total: 2303 creatures vanquished

Notes
Turn   | Place    | Note
-------+----------+-------------------------------------------
     0 | D:1      | baljet the Minotaur Fighter began the quest for the Orb.
     0 | D:1      | Reached XP level 1. HP: 19/19 MP: 0/0
    19 | D:1      | Reached XP level 2. HP: 27/27 MP: 1/1
   212 | D:1      | Found a faded altar of an unknown god.
   645 | D:2      | Noticed Terence
   657 | D:2      | Killed Terence
   658 | D:2      | Reached XP level 3. HP: 9/33 MP: 2/2
  1021 | D:2      | Reached XP level 4. HP: 41/41 MP: 3/3
  1225 | D:2      | Identified a scroll of acquirement
  1225 | D:2      | Acquired the amulet of Nidetumi {Reflect rElec Int+2 SH+5}
  1235 | D:2      | Found Sofosty's Magic Scroll Shop.
  1754 | D:3      | Noticed a black bear
  1766 | D:3      | Killed a black bear
  1767 | D:3      | Reached XP level 5. HP: 37/47 MP: 4/4
  1803 | D:3      | Found Mepaucsu's Book Shoppe.
  2228 | D:4      | Reached skill level 5 in Axes
  2248 | D:4      | Reached XP level 6. HP: 12/53 MP: 5/5
  2310 | D:4      | Reached skill level 5 in Fighting
  2313 | D:4      | Reached skill level 5 in Armour
  2419 | D:4      | Found a stormy altar of Qazlal.
  2419 | D:4      | Noticed a sky beast
  2431 | D:4      | Reached skill level 5 in Shields
  2461 | D:4      | Killed a sky beast
  2462 | D:4      | Reached XP level 7. HP: 9/61 MP: 6/6
  2485 | D:4      | Found a glowing drain.
  2498 | Sewer    | Entered a sewer
  3059 | D:5      | Entered Level 5 of the Dungeon
  3348 | D:5      | Reached XP level 8. HP: 70/70 MP: 7/7
  3495 | D:5      | Found Itzysh's Weapon Boutique.
  3496 | D:5      | Found Xontaic's Book Emporium.
  3521 | D:5      | Found Lumont's General Store.
  3521 | D:5      | Found Coolinnee's Book Shop.
  3535 | D:5      | Found Hyatuth's Weapon Emporium.
  3654 | D:5      | Found a glowing golden altar of the Shining One.
  4157 | D:6      | Found a staircase to the Ecumenical Temple.
  4192 | Temple   | Entered the Ecumenical Temple
  4297 | Temple   | Became a worshipper of Warmaster Okawaru
  4490 | D:6      | Reached skill level 10 in Axes
  4569 | D:6      | Reached XP level 9. HP: 71/78 MP: 8/8
  4827 | D:7      | Reached * piety under Okawaru
  5280 | D:7      | Paralysed by a hornet for 2 turns
  5383 | D:7      | Noticed a komodo dragon
  5394 | D:7      | Killed a komodo dragon
  5394 | D:7      | Reached ** piety under Okawaru
  5602 | D:7      | Found Hiatog's Armour Boutique.
  5627 | D:7      | Bought a +2 hat for 208 gold pieces
  6068 | D:8      | Found a transporter.
  6078 | D:8      | Found a transporter.
  6079 | D:8      | Noticed dakkaduck's ghost (novice MiBe)
  6104 | D:8      | Killed dakkaduck's ghost
  6105 | D:8      | Reached XP level 10. HP: 13/90 MP: 6/9
  6471 | D:8      | Noticed a two-headed ogre
  6482 | D:8      | Killed a two-headed ogre
  6482 | D:8      | Reached *** piety under Okawaru
  7122 | D:9      | Found a flagged portal.
  7152 | D:9      | Reached skill level 1 in Invocations
  7404 | Bailey   | Entered a bailey
  7541 | Bailey   | Reached **** piety under Okawaru
  7570 | Bailey   | Found a bloodstained altar of Trog.
  8033 | D:9      | Reached XP level 11. HP: 98/99 MP: 10/10
  8068 | D:9      | Noticed Grum
  8079 | D:9      | Killed Grum
  8080 | D:9      | Reached skill level 1 in Throwing
  8450 | D:10     | Entered Level 10 of the Dungeon
  8450 | D:10     | Noticed Nergalle
  8470 | D:10     | Killed Nergalle
  8471 | D:10     | Reached skill level 10 in Fighting
  8554 | D:10     | Gained mutation: You are robust. (+10% HP) [potion of
                  | mutation]
  8554 | D:10     | Gained mutation: You are very robust. (+20% HP) [potion of
                  | mutation]
  8554 | D:10     | Gained mutation: You are strong-willed. (Will+) [potion of
                  | mutation]
  8604 | D:10     | Noticed Maurice
  8617 | D:10     | Killed Maurice
  8730 | D:10     | Reached skill level 15 in Axes
  9199 | D:11     | Found a staircase to the Orcish Mines.
  9207 | D:11     | Noticed a two-headed ogre
  9218 | D:11     | Killed a two-headed ogre
  9490 | D:11     | Noticed a two-headed ogre
  9508 | D:11     | Killed a two-headed ogre
  9508 | D:11     | Received a gift from Okawaru
  9689 | D:11     | Found a staircase to the Lair.
  9695 | D:11     | Noticed a centaur warrior
  9702 | D:11     | Killed a centaur warrior
  9800 | D:11     | Identified the +8 morningstar "Ibrupt" {freeze, Will+}
 10031 | Lair:1   | Entered Level 1 of the Lair of Beasts
 10098 | Lair:1   | Reached XP level 12. HP: 118/132 MP: 13/13
 10100 | Lair:1   | Reached ***** piety under Okawaru
 10238 | Lair:1   | Identified the +1 robe of Okawaru's Reproof {Dex+3}
                  | (Okawaru gifted it to you on level 1 of the Lair of Beasts)
 10238 | Lair:1   | Received a gift from Okawaru
 11151 | Lair:2   | Noticed an eight-headed hydra
 11157 | Lair:2   | Killed a six-headed hydra
 11393 | Lair:2   | Found a staircase to the Snake Pit.
 12054 | Lair:3   | Noticed a six-headed hydra
 12068 | Lair:3   | Killed a one-headed hydra
 12068 | Lair:3   | Received a gift from Okawaru
 12148 | Lair:3   | Reached XP level 13. HP: 142/142 MP: 15/15
 12173 | Lair:3   | Reached skill level 5 in Invocations
 12188 | Lair:3   | Reached skill level 10 in Armour
 12571 | Lair:3   | Reached skill level 5 in Throwing
 12741 | Lair:3   | Noticed a fire dragon
 12757 | Lair:3   | Killed a fire dragon
 12839 | Lair:3   | Identified the staff of fire "Filoduna" {rElec rF+ rN+
                  | Str+3 Dex-4}
 12971 | Lair:3   | Found a staircase to the Shoals.
 13309 | Lair:4   | Received a gift from Okawaru
 13315 | Lair:4   | Reached skill level 10 in Shields
 14562 | Lair:5   | Entered Level 5 of the Lair of Beasts
 14569 | Lair:5   | Identified the +0 scale mail of Foolhardiness {Rampage
                  | rElec Regen+ Str+3} (Okawaru gifted it to you on level 5 of
                  | the Lair of Beasts)
 14569 | Lair:5   | Received a gift from Okawaru
 14635 | Lair:5   | Reached skill level 1 in Evocations
 14794 | Lair:5   | Identified the staff of fire "Bohae" {rF+ rCorr}
 14924 | Lair:5   | Reached XP level 14. HP: 144/159 MP: 17/17
 15077 | Lair:5   | Found a staircase to the Slime Pits.
 15078 | Lair:5   | Found a viscous altar of Jiyva.
 15095 | Lair:5   | Identified the +1 bardiche of Infinity {protect, Int+2}
 15216 | Lair:5   | Paralysed by a hornet for 2 turns
 15359 | Lair:5   | Received a gift from Okawaru
 15978 | Lair:5   | Reached skill level 15 in Fighting
 16494 | Orc:1    | Entered Level 1 of the Orcish Mines
 17027 | Orc:2    | Entered Level 2 of the Orcish Mines
 17123 | Orc:2    | Received a gift from Okawaru
 17193 | Orc:1    | Noticed an orc warlord
 17229 | Orc:1    | Killed an orc warlord
 17765 | Orc:2    | Noticed an orc warlord
 18002 | Orc:1    | Killed an orc warlord
 18002 | Orc:1    | Received a gift from Okawaru
 18212 | Orc:2    | Found Qesyeng's Book Shop.
 18229 | Orc:2    | Found Edwumaemp's Antique Armour Shop.
 18237 | Orc:2    | Found Goas's Antique Weapon Shop.
 18511 | Orc:2    | Found a staircase to the Elven Halls.
 18571 | Orc:2    | Found Diul's General Store.
 18577 | Orc:2    | Bought a potion of heal wounds for 90 gold pieces
 18601 | Orc:2    | Found Ereth's Distillery.
 18607 | Orc:2    | Received a gift from Okawaru
 18680 | Orc:2    | Noticed Donald
 18693 | Orc:2    | Killed Donald
 19282 | D:12     | Reached XP level 15. HP: 166/171 MP: 19/19
 19312 | D:12     | Identified the ring of Pibew {Fire Contam rCorr Str+2
                  | Slay+2}
 19625 | D:12     | Noticed Gastronok
 19634 | D:12     | Killed Gastronok
 20500 | D:13     | Noticed Frances
 20510 | D:13     | Killed Frances
 20510 | D:13     | Received a gift from Okawaru
 20604 | D:13     | Identified the +5 scale mail of Ucyug {Rampage Dex+2
                  | Stlth+}
 21008 | D:14     | Noticed Agnes
 21019 | D:14     | Killed Agnes
 21606 | D:14     | Noticed Lodul
 21618 | D:14     | Killed Lodul
 21781 | D:14     | Reached skill level 5 in Evocations
 21789 | D:14     | Found a gate to the Vaults.
 21790 | D:14     | Received a gift from Okawaru
 22027 | D:14     | Found an opulent altar of Gozag.
 22187 | D:15     | Entered Level 15 of the Dungeon
 22421 | D:15     | Found a transporter.
 22435 | D:15     | Identified the +8 war axe of Okawaru's Approval {spect,
                  | Int+3} (Okawaru gifted it to you on level 15 of the
                  | Dungeon)
 22435 | D:15     | Received a gift from Okawaru
 22484 | D:15     | Found a transporter.
 22805 | D:15     | Found a staircase to the Depths.
 22865 | D:15     | Noticed SafestHooves's ghost (journeyman CeMo)
 22872 | D:15     | Noticed a frost giant
 23145 | Orc:2    | Bought gold dragon scales for 2800 gold pieces
 23196 | Orc:2    | Bought a potion of heal wounds for 65 gold pieces
 23312 | Snake:1  | Entered Level 1 of the Snake Pit
 23380 | Snake:1  | Found a bloodstained altar of Trog.
 24085 | Snake:1  | Reached XP level 16. HP: 186/186 MP: 21/21
 24128 | Snake:1  | Received a gift from Okawaru
 24372 | Snake:2  | Noticed Aizul
 24387 | Snake:2  | Killed Aizul
 24669 | Snake:2  | Received a gift from Okawaru
 24949 | Snake:2  | Received a gift from Okawaru
 26119 | Snake:3  | Found a glowing silver altar of Zin.
 26361 | Snake:3  | Received a gift from Okawaru
 26377 | Snake:3  | Found Itofo Ets's Firing Range.
 27206 | D:2      | Bought a scroll of enchant weapon for 75 gold pieces
 27206 | D:2      | Bought a scroll of enchant armour for 75 gold pieces
 27206 | D:2      | Bought a scroll of teleportation for 30 gold pieces
 27510 | Shoals:1 | Entered Level 1 of the Shoals
 27514 | Shoals:1 | Found a runed translucent gate.
 27546 | Shoals:1 | Found a runed translucent gate.
 27548 | Shoals:1 | Found a runed translucent gate.
 27722 | Shoals:1 | Noticed a kraken
 27732 | Shoals:1 | Killed a kraken
 27732 | Shoals:1 | Received a gift from Okawaru
 28425 | Shoals:1 | Identified the staff of fire "Waips" {rElec rF+ Dex+4
                  | Stlth+}
 28498 | Shoals:2 | Noticed Polyphemus
 28516 | Shoals:2 | Killed Polyphemus
 28556 | Shoals:2 | Reached skill level 10 in Throwing
 28559 | Shoals:2 | Found a frozen archway.
 28564 | Shoals:2 | Reached XP level 17. HP: 175/199 MP: 23/23
 28598 | Shoals:2 | Acquired a +1 pair of gloves of infusion
 28617 | IceCv    | Entered an ice cave
 28855 | IceCv    | Identified the +0 hat of the Pleiades {rPois Regen+ Int+6
                  | SInv} (Okawaru gifted it to you in an ice cave)
 28855 | IceCv    | Received a gift from Okawaru
 29199 | IceCv    | Reached skill level 10 in Invocations
 29297 | IceCv    | Noticed an Ice Fiend
 29307 | IceCv    | Killed an Ice Fiend
 29316 | IceCv    | Identified the +2 flail "Trog's Outrage" {protect, rN++
                  | Str+4 Dex-3 Stlth+}
 29434 | Shoals:2 | Noticed a kraken
 29442 | Shoals:2 | Killed a kraken
 29557 | Shoals:2 | HP: 9/199 [sea snake (14)]
 29926 | Shoals:2 | Identified the +2 shortbow "Umicw" {freeze, rN++ Stlth-}
 30800 | Shoals:3 | Found Riretoz's Jewellery Shop.
 31042 | Shoals:3 | Reached skill level 15 in Shields
 31626 | Snake:4  | Entered Level 4 of the Snake Pit
 31799 | Snake:4  | Received a gift from Okawaru
 32522 | Snake:4  | Received a gift from Okawaru
 32857 | Snake:4  | Received a gift from Okawaru
 32858 | Snake:4  | Reached XP level 18. HP: 208/213 MP: 10/24
 33326 | Snake:4  | Got a serpentine rune of Zot
 33638 | Shoals:4 | Entered Level 4 of the Shoals
 33784 | Shoals:4 | Received a gift from Okawaru
 34064 | Shoals:4 | Paralysed by an air elemental for 1 turns
 34068 | Shoals:4 | Paralysed by an air elemental for 1 turns
 34163 | Shoals:4 | Paralysed by an air elemental for 1 turns
 34176 | Shoals:4 | Received a gift from Okawaru
 34288 | Shoals:4 | Identified the +0 scale mail of Ignis's Anger {+Inv rPois
                  | Str+4 Dex+6}
 34450 | Shoals:4 | Paralysed by an air elemental for 1 turns
 34524 | Shoals:4 | Got a barnacled rune of Zot
 34531 | Shoals:4 | Received a gift from Okawaru
 34736 | Shoals:4 | Identified the staff of cold "Lohofus" {rC+ Int+2}
 35494 | Elf:1    | Entered Level 1 of the Elven Halls
 35591 | Elf:1    | Identified the +1 halberd "Xitetucw" {speed, *Corrode Fly
                  | Str+2 Int+3}
 35640 | Elf:1    | Received a gift from Okawaru
 36513 | Elf:2    | Found Waciyteod's Distillery.
 36526 | Elf:2    | Found the +18 Lear's hauberk
 36543 | Elf:2    | Paralysed by an air elemental for 1 turns
 36704 | Elf:2    | Bought a potion of haste for 160 gold pieces
 36704 | Elf:2    | Bought a potion of might for 64 gold pieces
 36704 | Elf:2    | Bought a potion of curing for 48 gold pieces
 36704 | Elf:2    | Bought a potion of curing for 48 gold pieces
 36784 | Elf:2    | Found Jeraoschu's Magic Scroll Shoppe.
 36789 | Elf:2    | Bought a scroll of enchant weapon for 112 gold pieces
 36812 | Elf:2    | Received a gift from Okawaru
 36813 | Elf:2    | Reached XP level 19. HP: 223/229 MP: 14/25
 36971 | Elf:2    | Paralysed by an air elemental for 1 turns
 37051 | Elf:2    | Found a runed translucent gate.
 37052 | Elf:2    | Found a runed translucent gate.
 37052 | Elf:2    | Found a runed translucent gate.
 37090 | Elf:2    | Paralysed by an air elemental for 1 turns
 37388 | Elf:2    | Reached skill level 15 in Armour
 37851 | Elf:3    | Entered Level 3 of the Elven Halls
 37958 | Elf:3    | Identified the +6 broad axe of Okawaru, Howling {drain,
                  | +Blink rF+ rC++ Will-} (Okawaru gifted it to you on level 3
                  | of the Elven Halls)
 37958 | Elf:3    | Received a gift from Okawaru
 38237 | Elf:3    | Identified the +6 whip of Luquirchu {flame, rPois Will+}
 38348 | Elf:3    | Identified the +9 rapier of Benevolence {venom, Str+6
                  | Int-2}
 38350 | Elf:3    | Identified the +1 storm dragon scales "Wonavaich" {rElec
                  | rN++ Slay-5}
 38374 | Elf:3    | Received a gift from Okawaru
 38952 | Elf:3    | Paralysed by an air elemental for 1 turns
 39256 | Elf:3    | Identified the +5 hand axe of Zaumufij {holy, Str+2}
 39298 | Elf:3    | Got the Anthology of the Morgue and Gusts
 39301 | Elf:3    | Identified the staff of fire "Nocseil" {rElec rPois rF+ rC+
                  | Dex+4}
 39312 | Elf:3    | Identified the staff of death "Azoathokhlee" {rElec rN+
                  | rCorr Int+3}
 39324 | Elf:3    | Got the Tome of Transmuted Interference
 39359 | Elf:3    | Identified the +4 shortbow of Grandeur {speed, Fragile
                  | rPois rN+ Str+4}
 39429 | Elf:3    | Got the Disquisition on Terra Firma and Transposition
 39637 | Vaults:1 | Entered Level 1 of the Vaults
 40028 | Vaults:1 | Found Yshu's Weapon Shop.
 40044 | Vaults:1 | Identified the +5 hat of Dyspraxia {Fly rElec Int+6 Slay-6}
                  | (Okawaru gifted it to you on level 1 of the Vaults)
 40044 | Vaults:1 | Received a gift from Okawaru
 40592 | Vaults:1 | Reached XP level 20. HP: 200/247 MP: 9/26
 42319 | Vaults:2 | Received a gift from Okawaru
 42659 | Vaults:2 | Identified the +8 falchion of Drought {heavy, rF+}
 44308 | Vaults:3 | Found Yvakub's Antique Weapon Shoppe.
 44465 | Vaults:3 | Received a gift from Okawaru
 44505 | Vaults:3 | Found a staircase to the Crypt.
 45525 | Vaults:4 | Received a gift from Okawaru
 45547 | Vaults:4 | Reached XP level 21. HP: 261/261 MP: 21/27
 45652 | Vaults:4 | Received a gift from Okawaru
 45814 | Vaults:4 | Identified the +2 scale mail of the Bull {Str+2}
 46186 | Vaults:4 | Found Ipso's Distillery.
 46191 | Vaults:4 | Bought a potion of heal wounds for 85 gold pieces
 46191 | Vaults:4 | Bought a potion of heal wounds for 85 gold pieces
 46541 | Vaults:5 | Entered Level 5 of the Vaults
 46559 | Vaults:4 | Received a gift from Okawaru
 47089 | Vaults:5 | Noticed Bai Suzhen
 47112 | Vaults:4 | Killed Bai Suzhen
 47313 | Vaults:5 | Received a gift from Okawaru
 47314 | Vaults:5 | Noticed an ancient lich
 47484 | Vaults:4 | Killed an ancient lich
 47562 | Vaults:5 | Reached skill level 27 in Fighting
 47576 | Vaults:5 | Noticed a golden dragon
 47594 | Vaults:5 | Killed a golden dragon
 47594 | Vaults:5 | Received a gift from Okawaru
 47684 | Vaults:5 | Identified the +7 scimitar of Irritation {heavy, Int+2}
 47838 | Vaults:5 | Reached XP level 22. HP: 274/279 MP: 25/28
 47849 | Vaults:5 | Noticed a golden dragon
 47857 | Vaults:5 | Killed a golden dragon
 47863 | Vaults:5 | Noticed a dread lich
 47881 | Vaults:5 | Killed a dread lich
 47881 | Vaults:5 | Received a gift from Okawaru
 48075 | Vaults:5 | Identified the +1 robe "Onaptat Kely" {Dex+4}
 48100 | Vaults:5 | Noticed Mara
 48117 | Vaults:5 | Killed Mara
 48355 | Vaults:5 | Got a silver rune of Zot
 48373 | Vaults:5 | Identified the staff of cold "Qajaommo" {rC+ rN+}
 48714 | Vaults:5 | Identified the +4 scale mail "Otuvegrij" {rElec rPois
                  | Slay+3}
 48730 | Vaults:5 | Received a gift from Okawaru
 48875 | Vaults:5 | Identified the +4 scale mail of the Blessed Realm {rC+}
 49481 | Vaults:5 | Found Cilec's Jewellery Shoppe.
 49565 | Vaults:5 | Identified the +6 dagger of Watchfulness {freeze, rF+}
 49807 | Depths:1 | Entered Level 1 of the Depths
 49812 | Depths:1 | Found a huge runed gate.
 49812 | Depths:1 | Found a huge runed gate.
 49812 | Depths:1 | Found a huge runed gate.
 49812 | Depths:1 | Found a huge runed gate.
 49812 | Depths:1 | Found a huge runed gate.
 49813 | Depths:1 | Found a huge runed gate.
 49914 | Depths:1 | Found a huge runed gate.
 49914 | Depths:1 | Found a huge runed gate.
 49914 | Depths:1 | Found a huge runed gate.
 49915 | Depths:1 | Found a huge runed gate.
 49916 | Depths:1 | Found a huge runed gate.
 49921 | Depths:1 | Found a huge runed gate.
 49921 | Depths:1 | Found a huge runed gate.
 49921 | Depths:1 | Found a huge runed gate.
 49921 | Depths:1 | Found a huge runed gate.
 49922 | Depths:1 | Found a huge runed gate.
 49923 | Depths:1 | Found a huge runed gate.
 49924 | Depths:1 | Found a huge runed gate.
 49925 | Depths:1 | Found a huge runed gate.
 49938 | Depths:1 | Found a huge runed gate.
 49938 | Depths:1 | Found a huge runed gate.
 49938 | Depths:1 | Found a huge runed gate.
 49938 | Depths:1 | Found a huge runed gate.
 49938 | Depths:1 | Found a huge runed gate.
 49939 | Depths:1 | Found a huge runed gate.
 49940 | Depths:1 | Found a huge runed gate.
 49941 | Depths:1 | Found a huge runed gate.
 49942 | Depths:1 | Found a huge runed gate.
 49951 | Depths:1 | Found a huge runed gate.
 49951 | Depths:1 | Found a huge runed gate.
 49951 | Depths:1 | Found a huge runed gate.
 49951 | Depths:1 | Found a huge runed gate.
 49951 | Depths:1 | Found a huge runed gate.
 49952 | Depths:1 | Found a huge runed gate.
 49953 | Depths:1 | Found a huge runed gate.
 49954 | Depths:1 | Found a huge runed gate.
 50591 | Depths:1 | Found a gateway to Hell.
 50923 | Depths:1 | Identified the +4 rapier "Fearphae" {flame, rElec rC+ rN+}
 51478 | Depths:2 | Found a one-way gate leading to the halls of Pandemonium.
 51649 | Depths:2 | Received a gift from Okawaru
 52174 | Depths:2 | Found a runed translucent door.
 52256 | Depths:2 | Reached skill level 27 in Axes
 52344 | Depths:2 | Found a runed translucent door.
 52346 | Depths:2 | Noticed a golden dragon
 52349 | Depths:2 | Identified the +2 morningstar of the Old World {heavy,
                  | Fragile rC+++ Will+ rCorr}
 52355 | Depths:2 | Identified the +12 great sword of Pilorahi {speed, rF++
                  | Str-3}
 52357 | Depths:2 | Killed a golden dragon
 52405 | Depths:2 | Reached XP level 23. HP: 222/288 MP: 0/29
 52796 | Depths:2 | Acquired 723 gold pieces
 52963 | Depths:3 | Identified the +0 leather armour "Hiopum" {Int+4}
 52998 | Depths:3 | Received a gift from Okawaru
 53193 | Depths:3 | Found a one-way gateway to a ziggurat.
 53403 | Depths:3 | Received a gift from Okawaru
 53427 | Depths:3 | Received a gift from Okawaru
 53705 | Depths:3 | Found a corrupted altar of Lugonu.
 53705 | Depths:3 | Found a one-way gate to the infinite horrors of the Abyss.
 53922 | Depths:3 | Paralysed by a floating eye for 2 turns
 53939 | Depths:3 | Received a gift from Okawaru
 55231 | Depths:4 | Entered Level 4 of the Depths
 55452 | Depths:4 | Found a broken altar of Ashenzari.
 55698 | Depths:4 | Received a gift from Okawaru
 56200 | Depths:4 | Reached skill level 1 in Dodging
 56633 | Depths:4 | Received a gift from Okawaru
 56738 | Depths:4 | Found a gate to the Realm of Zot.
 56747 | Zot:1    | Entered Level 1 of the Realm of Zot
 56876 | Zot:1    | Noticed an ancient lich
 56970 | Zot:1    | Noticed a curse toe
 56974 | Depths:4 | Received a gift from Okawaru
 57014 | Depths:4 | Killed an ancient lich
 57164 | Zot:1    | Killed a curse toe
 57165 | Zot:1    | Reached XP level 24. HP: 257/298 MP: 17/29
 57432 | Zot:1    | Received a gift from Okawaru
 58096 | Zot:1    | Reached skill level 5 in Dodging
 58399 | Zot:1    | Received a gift from Okawaru
 59293 | Zot:2    | Found a transporter.
 59387 | Zot:2    | Found a basalt altar of Yredelemnul.
 59408 | Zot:2    | Acquired a +7 heavy broad axe
 59611 | Zot:2    | Identified the +7 falchion of the Jolly Spirits {pain,
                  | rElec rCorr}
 59786 | Zot:2    | Received a gift from Okawaru
 60086 | Zot:2    | Found a sparkling altar of Nemelex Xobeh.
 60481 | Zot:3    | Received a gift from Okawaru
 60566 | Zot:3    | Reached skill level 27 in Shields
 60736 | Zot:3    | Received a gift from Okawaru
 61047 | Zot:3    | Received a gift from Okawaru
 61309 | Zot:3    | Found a runed translucent gate.
 61309 | Zot:3    | Found a runed translucent gate.
 61309 | Zot:3    | Found a runed translucent gate.
 61313 | Zot:3    | Noticed Emnejil's ghost (master VSBe)
 61313 | Zot:3    | Noticed Riroapad's ghost (legendary MfGl)
 61338 | Zot:3    | Reached XP level 25. HP: 295/308 MP: 13/29
 61789 | Zot:3    | Killed Riroapad's ghost
 61806 | Zot:3    | Killed Emnejil's ghost
 61946 | Zot:3    | Identified the ring "Poles" {Str+5 Int+6 SInv}
 61949 | Zot:3    | Identified the staff of earth "Loizi" {rC+}
 62149 | Zot:4    | Received a gift from Okawaru
 62432 | Zot:4    | Received a gift from Okawaru
 63230 | Zot:5    | Entered Level 5 of the Realm of Zot
 63361 | Zot:5    | Found a white marble altar of Elyvilon.
 63552 | Zot:5    | Reached skill level 10 in Dodging
 63574 | Zot:5    | Noticed an ancient lich
 63605 | Zot:5    | Killed an ancient lich
 63632 | Zot:5    | Noticed an ancient lich
 63650 | Zot:5    | Killed an ancient lich
 63650 | Zot:5    | Received a gift from Okawaru
 63655 | Zot:5    | Noticed an orb of fire
 63658 | Zot:5    | Noticed a Killer Klown
 63663 | Zot:5    | Gained mutation: You occasionally lose the ability to drink
                  | potions when taking damage. [an orb of fire]
 63681 | Zot:5    | Killed an orb of fire
 63691 | Zot:5    | Killed a Killer Klown
 63834 | Zot:5    | Noticed a Killer Klown
 63853 | Zot:5    | Killed a Killer Klown
 63936 | Zot:5    | Noticed an orb of fire
 63947 | Zot:5    | Gained mutation: You sometimes lose the ability to drink
                  | potions when taking damage. [an orb of fire]
 63951 | Zot:5    | Gained mutation: You are dopey. (Int -2) [an orb of fire]
 63965 | Zot:5    | Lost mutation: You are very robust. (+20% HP) [an orb of
                  | fire]
 63967 | Zot:5    | Gained mutation: You possess an exceptional clarity of
                  | mind. [an orb of fire]
 63968 | Zot:5    | Killed an orb of fire
 64302 | Zot:5    | Got the Orb of Zot
 64459 | Zot:2    | Noticed Qeuciut the pandemonium lord
 64485 | Zot:1    | Killed Qeuciut the pandemonium lord
 64583 | Depths:1 | Noticed Gusizod the pandemonium lord
 64810 | D:6      | Noticed Jelud the pandemonium lord
 64881 | D:4      | Noticed a seraph
 64891 | D:3      | Noticed Lybaom the pandemonium lord
 64936 | D:$      | Escaped with the Orb!

Illustrated notes

Levels and vault maps discovered:
D:1:      scummos_arrival_simple_fountains, layout_basic,
          dreamdust_ecumenical_altar_grove, dreamdust_wishing_well
D:2:      minmay_spotlight, layout_basic, serial_shops, nicolae_shop_trees,
          serial_co_window_serial, co_window_of_opportunity_a,
          co_window_paths_a, co_window_paths_a, co_window_paths_a,
          co_window_corner_a, co_window_broadway_c, co_window_of_opportunity_c,
          co_window_corner_b, co_window_cross_2, co_window_2corner,
          co_window_broadway_a, glass_columns_a, glass_columns_a,
          glass_columns_a, glass_columns_a, glass_columns_a,
          hangedman_abyss_or_decor_stabs, uniq_terence
D:3:      layout_basic, serial_shops, shop
D:4:      layout_layer_cave, nicolae_qazlal_beasts_of_the_sky,
          cheibrodos_sewer_entry_sluice
D:5:      layout_loops_cross, kennysheep_little_box,
          nicolae_shop_national_dungeon_mall
D:6:      layout_cave_pools, temple_fountains, nicolae_elevator_lobby_plus
D:7:      layout_basic, serial_shops, shop, serial_bayou_pond_e
D:8:      layout_basic, gammafunk_ghost_stat_death
D:9:      layout_rooms, enter_bailey_5, kennysheep_small_square, uniq_grum
D:10:     layout_cave_pools, uniq_maurice, uniq_nergalle
D:11:     layout_cave_pools, lair_entry_dummy, david_orc_2,
          kennysheep_generic_room_9
D:12:     layout_gridville, kennysheep_generic_room_5, uniq_gastronok
D:13:     layout_basic, uniq_frances
D:14:     cheibrodos_magma_flow, layout_cave_pools,
          lightli_vaults_fourway_checkpoint, basic_altar, uniq_agnes, uniq_lodul
D:15:     grunt_enter_depths_magical_seal, layout_cave_pools, nzn_ghost_randoct,
          minmay_fractal_squares_gapless_5
Temple:   mainiacjoe_temple_cubbyholes
Lair:1:   dreamdust_cave_troll, layout_chaotic_city
Lair:2:   beast_lair_carwin_large_4, layout_misc_corridors,
          guppyfry_snake_entry_island
Lair:3:   dragon1_lemuel, layout_long_grid, shoals_dummy_entry,
          infiniplex_staircase_pool
Lair:4:   layout_cave_pods, minivault_24, grunt_megastairs_5
Lair:5:   minmay_lair_end_enchanted_forest, layout_layer_cave, slime_entry_1
Shoals:1: layout_shoals, nicolae_shoals_beach_cooler
Shoals:2: layout_shoals, portal_ice_cave_entry_pillars_three, uniq_polyphemus
Shoals:3: layout_shoals, serial_shops, nicolae_shop_real_fake_doors,
          nicolae_shoals_circle_sea_wall
Shoals:4: shoals_end_hellmonk_storm_palace [storm_palace_center_square,
          storm_palace_corner_grid, storm_palace_corner_pillars,
          storm_palace_corner_reverse_hut, storm_palace_corner_reverse_hut]
Snake:1:  layout_onion_interference, basic_altar, grunt_megastairs_1
Snake:2:  layout_chambers, serial_bayou_pond_c, uniq_aizul
Snake:3:  nicolae_snake_nest, layout_grid_shapes, basic_altar,
          nicolae_shop_firing_range
Snake:4:  minmay_snake_end_coiled, layout_cave_town, grunt_ministairs_6
Orc:1:    layout_caves, hellmonk_guarded_unrand_dark_maul
Orc:2:    grunt_orc_cross, layout_caves, serial_shops,
          nicolae_shop_getting_attention, uniq_donald
Elf:1:    layout_loops_cross, hangedman_elf_disciples, guppyfry_library_mini
Elf:2:    nicolae_elf_blades_crystal_corner, layout_gridlike, serial_shops,
          nicolae_shop_rolling_square, shop
Elf:3:    minmay_elf_hall_furrowed, layout_geoelf_octagon, dk_noncrumbling_3
Vaults:1: ontoclasm_vaults_ring_large, ontoclasm_vaults_idyll,
          nicolae_vaults_storage_closets_1, serial_ice_m, grunt_vaults_funnel,
          nicolae_vaults_trapezoid_2, vaults_standard_mumra_x,
          nicolae_vaults_three_branches, nicolae_vaults_closet_pinwheel_1,
          hangedman_vaults_locks, layout_vaults_ring, serial_shops,
          nicolae_shop_tiny_statue_garden
Vaults:2: nicolae_vaults_diffraction_hallways, nicolae_vaults_tetromino_T_2,
          vaults_dpeg_diagonal, v_misc_14, v_misc_33, ontoclasm_vaults_hangar,
          nicolae_vaults_variable_pillar_hall, hangedman_vaults_corner,
          nicolae_vaults_gold_heap, nicolae_vaults_little_squares_4,
          nicolae_vaults_meiosis, nicolae_vaults_little_squares_5,
          nicolae_vaults_six-pack, ontoclasm_vaults_gateway,
          nicolae_vaults_mini_display_case, nicolae_vaults_variable_pillar_hall,
          layout_vaults_big_cross
Vaults:3: nicolae_vaults_surprise_closet, minmay_crypt_entry_simple_walls,
          st_cross, nicolae_vaults_six-pack, nicolae_vaults_tetromino_T_1,
          v_misc_29, layout_vaults_omnigrid, serial_shops, shop
Vaults:4: st_octagons_1, nicolae_vaults_ninety_degrees,
          nicolae_vaults_more_shelving_2, nicolae_vaults_trapezoid_2,
          nicolae_vaults_sightless_eye, v_misc_32, nicolae_vaults_tetromino_Z_2,
          vaults_room_door_hall, nicolae_vaults_wine_cellar,
          nicolae_vaults_tetromino_T_1, layout_vaults_maze_snakey, serial_shops,
          nicolae_shop_statue_plus
Vaults:5: uniq_mara, uniq_bai_suzhen
Depths:1: layout_small_grid, minmay_stone_trees_large,
          grunt_hell_entry_dis_grunt, grunt_ministairs_1, not_door_vault_due
Depths:2: thingy_vault_2, layout_basic, pan_entry, lightli_too_deep
Depths:3: kennysheep_bubbly, layout_cave_pools, enter_ziggurat_e, hell_entry,
          abyss_entry_flame_altar
Depths:4: grunt_zot_entry_hairpin, layout_cave_pools, hell_entry,
          nicolae_ashenzari_skybound, grunt_pan_entry_in_and_out
Zot:1:    hangedman_zot_vaults_quadrants, layout_concentric_octagons
Zot:2:    layout_gridlike, hangedman_feature_mirror, nicolae_diode_basic
Zot:3:    layout_concentric_octagons, gammafunk_ghost_cemetery
Zot:4:    layout_onion_interference, nicolae_zot_crop_circle
Zot:5:    layout_misc_corridors, basic_altar

Skill      XL: |  1  2  3  4  5  6  7  8  9 10 11 12 13 14 15 16 17 18 19 20 21 22 23 24 25 |
---------------+----------------------------------------------------------------------------+-----
Fighting       | 4 5 6 8 9 11 12 14 15 17 18 20 22 23 25 27 | 27.0
Axes           | 3 4 5 7 8 10 12 14 16 17 18 19 20 21 22 23 25 27 | 27.0
Shields        | 4 5 6 7 8 9 11 12 13 14 15 16 17 19 20 22 25 27 | 27.0
Armour         | 4 5 6 8 9 10 11 12 13 14 15 16 18 20 22 25 | 25.1
Invocations    | 1 3 4 6 7 8 9 10 | 10.0
Throwing       | 3 4 6 7 8 10 | 10.0
Evocations     | 1 4 5 6 8 |  8.0
Dodging        | 3 8 11 | 11.3

Action                     |  1- 3 |  4- 6 |  7- 9 | 10-12 | 13-15 | 16-18 | 19-21 | 22-24 | 25-27 || total
---------------------------+-------+-------+-------+-------+-------+-------+-------+-------+-------++-------
  Melee: War axe           |    61 |    92 |   296 |   160 |       |       |       |       |       ||   609
         Headbutt          |     7 |     7 |    50 |    81 |   218 |   289 |   293 |   415 |   119 ||  1479
         Broad axe         |       |       |       |   334 |  1014 |  1252 |  1065 |  1321 |   400 ||  5386
  Throw: Stone             |     4 |     3 |       |     2 |     4 |    30 |       |       |       ||    43
         Boomerang         |       |       |       |       |       |     1 |    83 |    70 |    10 ||   164
         Throwing net      |       |       |       |       |       |       |     1 |       |       ||     1
         Dart              |       |       |       |       |       |       |     7 |    19 |       ||    26
         Javelin           |       |       |       |       |       |       |       |       |    24 ||    24
 Invoke: Heroism           |       |       |     5 |    16 |    34 |    36 |    41 |    42 |    14 ||   188
         Finesse           |       |       |       |       |     3 |     3 |     8 |     7 |     1 ||    22
  Evoke: Lightning rod     |       |       |       |       |     2 |       |       |     3 |     1 ||     6
         Wand              |       |       |       |       |     1 |       |       |       |       ||     1
    Use: Scroll            |     4 |     5 |     2 |    13 |    12 |    10 |     2 |    10 |     2 ||    60
         Potion            |       |     2 |       |     2 |       |     4 |       |     1 |     3 ||    12
   Stab: Petrified         |       |       |       |       |       |     2 |       |       |       ||     2
         Petrifying        |       |       |       |       |       |     1 |       |       |       ||     1
         Invisible         |       |       |       |       |       |     1 |       |       |       ||     1
         Confused          |       |       |       |       |       |       |       |     1 |       ||     1
 Armour: Scale mail        |    37 |    26 |       |       |       |       |       |       |       ||    63
         Plate armour      |       |    26 |   146 |   237 |   310 |       |       |       |       ||   719
         Gold dragon scale |       |       |       |       |    16 |   608 |   441 |   684 |   175 ||  1924
  Dodge: Dodged            |    23 |    28 |    84 |   148 |   138 |   189 |   168 |   296 |   118 ||  1192
  Block: Buckler           |    17 |    39 |   159 |   301 |     4 |       |       |       |       ||   520
         Reflection        |       |       |     2 |    23 |    55 |   110 |    49 |    31 |     1 ||   271
         Kite shield       |       |       |       |       |   714 |   969 |   775 |  1080 |   297 ||  3835
